 Dungeon Crawl Stone Soup version 0.28.0-43-g3370ac3207 (webtiles) character file.

Game seed: 364788076562321449

17538 boopmooplesden the Protected (level 12, -5/108 HPs)
             Began as a Minotaur Fighter on Mar 23, 2022.
             Was a Follower of Trog.
             Slain by a lich (10 damage)
             ... on level 2 of the Abyss.
             The game lasted 00:19:11 (13317 turns).

boopmooplesden the Protected (Minotaur Fighter)    Turns: 13317, Time: 00:19:11

Health: -5/108     AC: 22    Str: 18    XL:     12   Next: 19%
Magic:  11/11      EV:  4    Int: 11    God:    Trog [*.....]
Gold:   622        SH:  5    Dex: 12    Spells: 11/11 levels left

rFire   . . .      SeeInvis .   a - +9 spear of the Muttering Fulmar {vamp, rCorr}
rCold   . . .      Faith    .   (no shield)
rNeg    + . .      Spirit   .   m - +0 crystal plate armour
rPois   .          Reflect  +   C - +2 hat "Icakauly" {Fly Str-4 Int+4}
rElec   .          Harm     .   (no cloak)
rCorr   +          Rampage  +   D - +0 pair of gloves
Will    .....      Rage     3%  M - +2 pair of boots {rampage}
Stlth   ..........              x - amulet of reflection
HPRegen 0.28/turn               g - ring of positive energy
MPRegen 0.12/turn               (no ring)

@: on berserk cooldown, flying, slowed, very slow
A: horns 2, retaliatory headbutt, [berserk 2], [deformed body]
a: Renounce Religion, Berserk


You were on level 2 of the Abyss.
You worshipped Trog.
Trog was aware of your devotion.
You visited 2 branches of the dungeon, and saw 12 of its levels.
You visited the Abyss 1 time.
You also visited: Ossuary and Bailey.

You collected 622 gold pieces.

Inventory:

Hand Weapons
 a - the +9 spear of the Muttering Fulmar (weapon) {vamp, rCorr}
   (You found it on level 6 of the Dungeon)

   It occasionally heals its wielder for a portion of the damage dealt when it
   wounds a living foe.
   rCorr:     It protects you from acid and corrosion.
 b - the +9 triple crossbow "Ybelonku" {flame, rElec Str-2 Int+8 Dex-4}
   (You found it in a bailey)

   Any ammunition fired from it burns those it strikes, dealing additional fire
   damage.
   Str:       It affects your strength (-2).
   Int:       It affects your intelligence (+8).
   Dex:       It affects your dexterity (-4).
   rElec:     It insulates you from electricity.
 d - a +3 short sword
 n - a +0 hand crossbow
 B - a +0 vorpal long sword
Missiles
 t - a throwing net
 v - 3 boomerangs (quivered)
 F - 368 bolts
Armour
 c - a +0 buckler
 m - a +0 crystal plate armour (worn)
 z - a +1 plate armour
 A - +0 swamp dragon scales
 C - the +2 hat "Icakauly" (worn) {Fly Str-4 Int+4}
   (You acquired it on level 9 of the Dungeon)

   Str:       It affects your strength (-4).
   Int:       It affects your intelligence (+4).
   Fly:       It grants you flight.
 D - a +0 pair of gloves (worn)
 M - a +2 pair of boots of rampaging (worn)
Jewellery
 g - a ring of positive energy (left hand)
 x - an amulet of reflection (around neck)
Wands
 o - a wand of acid (10)
 p - a wand of charming (15)
 y - a wand of flame (22)
 I - a wand of iceblast (11)
 O - a wand of polymorph (6)
 P - a wand of paralysis (5)
Scrolls
 q - a scroll of teleportation
 E - 2 scrolls of magic mapping
 G - 3 scrolls of identify
 H - a scroll of fog
 J - 3 scrolls of enchant armour
 K - a scroll of amnesia {unknown}
 L - 2 scrolls of noise {unknown}
Potions
 e - 3 potions of lignification
 f - 7 potions of curing
 h - 3 potions of ambrosia
 i - 2 potions of cancellation
 j - 3 potions of attraction {unknown}
 k - 4 potions of mutation
 l - 4 potions of magic
 r - 2 potions of degeneration
 s - 2 potions of flight
 u - 2 potions of brilliance
 w - 4 potions of heal wounds
 N - 2 potions of haste


   Skills:
 + Level 10.7 Fighting
 + Level 10.3 Long Blades
 + Level 10.9 Polearms
 + Level 3.8 Crossbows
 + Level 12.8 Armour
 + Level 3.2 Dodging
 + Level 1.4 Stealth
 + Level 9.4 Shields


You had 11 spell levels left.
You didn't know any spells.
Your spell library contained the following spells:

 Spells                   Type           Power      Damage    Failure   Level
 Animate Skeleton         Necr           0%         N/A       100%        1
 Magic Dart               Conj           0%         1d3       100%        1
 Pain                     Necr           0%         1d4       100%        1
 Searing Ray              Conj           0%         2d4       100%        2
 Sublimation of Blood     Necr           0%         N/A       100%        2
 Ignite Poison            Fire/Tmut/Pois 0%         N/A       100%        3
 Mephitic Cloud           Conj/Pois/Air  0%         N/A       100%        3
 Tukima's Dance           Hex            0%         N/A       100%        3
 Vampiric Draining        Necr           0%         2d6       100%        3
 Anguish                  Hex/Necr       0%         N/A       100%        4
 Fulminant Prism          Conj/Hex       0%         3d6       100%        4
 Iskenderun's Mystic Bla  Conj/Tloc      0%         2d3       100%        4
 Petrify                  Tmut/Erth      0%         N/A       100%        4
 Freezing Cloud           Conj/Ice/Air   0%         6-21      100%        5
 Irradiate                Conj/Tmut      0%         3d14      100%        5
 Lee's Rapid Deconstruct  Erth           0%         3d5*      100%        5
 Enfeeble                 Hex            0%         N/A       100%        7


Dungeon Overview and Level Annotations

Branches:
Dungeon (11/15)            Temple (1/1) D:7            Lair (0/6) D:9
    Orc (0/2) D:10        Ossuary (visited)          Bailey (visited)

Altars:
Ashenzari
Cheibriados
Dithmenos
Elyvilon
Fedhas
Gozag
Hepliaklqana
Kikubaaqudgha
Makhleb
Nemelex Xobeh
Okawaru
Qazlal
Ru
Sif Muna
Trog
Uskayaw
Vehumet
Wu Jian
Xom
Yredelemnul
Zin
The Shining One
Beogh

Shops:
D:2 !

Annotations:
D:11 Psyche


Innate Abilities, Weirdness & Mutations

You have a pair of horns on your head.
You reflexively headbutt those who attack you in melee.
[You often lose your temper in combat.]
[Armour fits poorly on your strangely shaped body.]


Message History

The lich launches a ball of destructive magic.
The orb of destruction hits a stone wall.
You hit the lich.
The lich is lightly damaged.
The lich touches you but does no damage.
You hit the lich.
You headbutt the lich, but do no damage.
The lich is moderately damaged.
The lich barely misses you.
You hit the lich but do no damage.
The lich is moderately damaged.
The lich gestures wildly while chanting.
The lich flickers and vanishes!
Deactivating autopickup; reactivate with Ctrl-A.
You puncture something! Your headbutt misses something.
Something conjures a glowing orb.
The wavering orb of destruction weakly hits you!!
You puncture something!
Something touches you but does no damage.
You hit something but do no damage.
Something touches you but does no damage.
You barely miss something. Your headbutt misses something.
You block something's attack.
You hit something. You headbutt something.
Something conjures a glowing orb.
The wavering orb of destruction weakly hits you!!
* * * LOW HITPOINT WARNING * * *
Something touches you but does no damage.
You barely miss something.
Something touches you but does no damage.
You puncture something!
Something touches you but does no damage.
You hit something. Your headbutt misses something.
Something touches you but does no damage. x2
You miss something. You block something's attack.
You hit something.
Something touches you but does no damage.
You closely miss something. Your headbutt misses something.
Something touches you!
You die...

# #. .... . .
#ยง... #.#.#.. #
#..##.. . ##
....... ###. #
..... ...# # #.
#.{####.###..# .
# #..@# . ..##
.#
............##
..# .#
...........###.#
## ##
##..#..##.## ...
##.# . ... #.#
..###...## ## ##
.... #.. .#.
..#### #. ..#
..# . # ### .


There were no monsters in sight!

Vanquished Creatures
  Snorg (D:10)
  Fannar (D:10)
  3 death yaks (D:9)
  2 two-headed ogres
  A wretched star (Abyss:2)
  Pikel (D:6)
  2 orc knights
  Maggie (D:6)
  Joseph (D:9)
  4 kobold demonologists (D:11)
  2 unseen horrors
  2 trolls
  Prince Ribbit (D:9)
  A blink frog (Abyss:2)
  2 hornets
  10 yaks
  A wraith (D:10)
  A chaos spawn (Abyss:2)
  A steam dragon (D:8)
  4 vampire mosquitoes (D:11)
  2 acid dragons
  25 orc warriors
  5 black bears
  3 sky beasts
  3 ice beasts
  The ghost of SuperSeabass the Chopper, an amateur HOMo of Qazlal (D:3)
  3 ogres
  A necrophage (D:8)
  5 centaurs
  4 kobold brigands
  2 gnoll sergeants
  2 bullfrogs
  A scorpion (D:7)
  6 water moccasin zombies (Ossuary)
  2 water moccasin skeletons
  6 wights
  A jelly (D:5)
  2 centaur zombies
  A bullfrog zombie (D:6)
  7 hounds
  A centaur skeleton (D:5)
  5 orc priests
  A bullfrog skeleton (D:6)
  A gnoll shaman (D:4)
  An iguana (D:6)
  6 orc wizards
  A killer bee zombie (D:3)
  2 mummies (Ossuary)
  15 gnolls
  A howler monkey zombie (D:10)
  3 adders
  4 shadow imps
  A white imp (D:6)
  An ufetubus (D:5)
  2 adder zombies (Ossuary)
  2 adder skeletons
  2 dart slugs
  58 orcs
  3 bats
  5 endoplasms
  6 giant cockroaches
  6 gnoll zombies (Ossuary)
  A goblin (D:4)
  5 hobgoblins
  16 kobolds
  2 quokkas
  6 ball pythons
  3 frilled lizards
  5 hobgoblin zombies (Ossuary)
  6 kobold zombies (Ossuary)
  8 orc zombies (Ossuary)
  9 rats
312 creatures vanquished.

Vanquished Creatures (others)
  An orc wizard (D:11)
1 creature vanquished.

Grand Total: 313 creatures vanquished

Notes
Turn   | Place    | Note
-------+----------+-------------------------------------------
     0 | D:1      | boopmooplesden the Minotaur Fighter began the quest for the
                  | Orb.
     0 | D:1      | Reached XP level 1. HP: 19/19 MP: 0/0
   156 | D:1      | Found a faded altar of an unknown god.
   434 | D:1      | Reached XP level 2. HP: 27/27 MP: 1/1
   565 | D:2      | Reached skill level 4 in Armour
   678 | D:2      | Reached XP level 3. HP: 23/33 MP: 2/2
   901 | D:2      | Found Jeipiast's Distillery.
  1079 | D:2      | Found a stormy altar of Qazlal.
  1228 | D:3      | Reached XP level 4. HP: 23/40 MP: 3/3
  1629 | D:3      | Found a runed translucent door.
  1629 | D:3      | Noticed SuperSeabass's ghost (amateur HOMo)
  1629 | D:3      | Noticed a bullfrog
  1636 | D:3      | Killed a bullfrog
  1637 | D:3      | Reached XP level 5. HP: 36/47 MP: 4/4
  1651 | D:3      | Killed SuperSeabass's ghost
  1652 | D:3      | Reached skill level 5 in Long Blades
  1652 | D:3      | Reached skill level 5 in Armour
  1654 | D:3      | Found a runed translucent door.
  1856 | D:3      | Noticed a black bear
  1862 | D:3      | Killed a black bear
  1863 | D:3      | Reached skill level 5 in Fighting
  1863 | D:3      | Reached XP level 6. HP: 54/56 MP: 5/5
  2259 | D:4      | Reached skill level 1 in Dodging
  2340 | D:4      | Reached XP level 7. HP: 53/61 MP: 6/6
  2354 | D:4      | Found a sand-covered staircase.
  2358 | Ossuary  | Entered an ossuary
  2443 | Ossuary  | Reached skill level 6 in Armour
  3193 | D:4      | Found a sacrificial altar of Ru.
  3600 | D:5      | Entered Level 5 of the Dungeon
  3609 | D:5      | Reached XP level 8. HP: 65/68 MP: 7/7
  3677 | D:5      | Reached skill level 7 in Armour
  3825 | D:5      | Reached skill level 5 in Shields
  4711 | D:5      | Reached skill level 8 in Armour
  5374 | D:6      | Noticed Pikel
  5390 | D:6      | Killed Pikel
  5391 | D:6      | Reached XP level 9. HP: 79/79 MP: 8/8
  5516 | D:6      | Noticed Maggie
  5532 | D:6      | Killed Maggie
  5533 | D:6      | Reached skill level 1 in Stealth
  5863 | D:6      | Reached skill level 9 in Armour
  5917 | D:6      | Identified the +9 spear of the Muttering Fulmar {vamp,
                  | rCorr}
  6000 | D:6      | Reached skill level 10 in Long Blades
  6803 | D:7      | Reached skill level 1 in Polearms
  6836 | D:7      | Found a staircase to the Ecumenical Temple.
  6847 | Temple   | Entered the Ecumenical Temple
  7082 | D:7      | Reached XP level 10. HP: 88/88 MP: 9/9
  7271 | D:7      | Found an ornate altar of the Wu Jian Council.
  7391 | D:8      | Found a snail-covered altar of Cheibriados.
  7394 | D:8      | Found a white marble altar of Elyvilon.
  7395 | D:8      | Found a broken altar of Ashenzari.
  7395 | D:8      | Found a shimmering altar of Xom.
  7396 | D:8      | Found an opulent altar of Gozag.
  7397 | D:8      | Found a burning altar of Makhleb.
  7413 | D:8      | Noticed a two-headed ogre
  7425 | D:8      | Killed a two-headed ogre
  7428 | D:8      | Found a flagged portal.
  7476 | Bailey   | Entered a bailey
  7575 | Bailey   | Reached skill level 10 in Armour
  7579 | Bailey   | Reached skill level 5 in Polearms
  8036 | Bailey   | Noticed an orc knight
  8070 | Bailey   | Killed an orc knight
  8399 | Bailey   | Identified the +9 triple crossbow "Ybelonku" {flame, rElec
                  | Str-2 Int+8 Dex-4}
  9458 | D:9      | Reached skill level 1 in Crossbows
  9525 | D:9      | Noticed a death yak
  9535 | D:9      | Noticed a death yak
  9537 | D:9      | Noticed a death yak
  9538 | D:9      | Killed a death yak
  9539 | D:9      | Reached skill level 11 in Armour
  9539 | D:9      | Reached XP level 11. HP: 86/95 MP: 10/10
  9555 | D:9      | Killed a death yak
  9576 | D:9      | Killed a death yak
  9600 | D:9      | Paralysed by a hornet for 2 turns
  9612 | D:9      | Found a staircase to the Lair.
  9680 | D:9      | Noticed Prince Ribbit
  9687 | D:9      | Killed Prince Ribbit
 10007 | D:9      | Acquired a +2 pair of boots of rampaging
 10013 | D:9      | Acquired the +2 hat "Icakauly" {Fly Str-4 Int+4}
 10376 | D:9      | Noticed Joseph
 10389 | D:9      | Killed Joseph
 10489 | D:10     | Entered Level 10 of the Dungeon
 10489 | D:10     | Noticed an orc knight
 10524 | D:10     | Killed an orc knight
 10709 | D:10     | Found a staircase to the Orcish Mines.
 11160 | D:10     | Noticed Snorg
 11173 | D:10     | Killed Snorg
 11174 | D:10     | Reached skill level 10 in Polearms
 11174 | D:10     | Reached skill level 12 in Armour
 11283 | D:10     | Noticed Fannar
 11301 | D:10     | Killed Fannar
 11302 | D:10     | Reached skill level 10 in Fighting
 11715 | D:10     | Found a radiant altar of Vehumet.
 11717 | D:10     | Found a bloodstained altar of Trog.
 11926 | D:10     | Became a worshipper of Trog the Wrathful
 12570 | D:11     | Noticed a two-headed ogre
 12582 | D:11     | Killed a two-headed ogre
 12690 | D:11     | Reached XP level 12. HP: 107/107 MP: 11/11
 13041 | D:11     | Reached * piety under Trog
 13198 | D:11     | Noticed Psyche
 13208 | D:11     | Cast into level 2 of the Abyss (Psyche)
 13293 | Abyss:2  | Noticed a lich
 13311 | Abyss:2  | HP: 4/108 [disintegration (31)]
 13317 | Abyss:2  | Slain by a lich

Illustrated notes

Levels and vault maps discovered:
D:1:      dpeg_arrival_simpleton_c, layout_basic, basic_ecumenical_altar
D:2:      minmay_door_path, layout_rooms, basic_altar, serial_shops,
          nicolae_shop_stone, grunt_decor_arrowhead
D:3:      layout_basic, ebering_ghost_sewer_f
D:4:      nicolae_BIG_FREAKIN_CUBE, layout_basic,
          nicolae_ru_sacrificial_ziggurat,
          nicolae_ossuary_entry_false_entrances,
          eino_small_chamber_without_monster
D:5:      layout_cave_pools, kennysheep_cross_bottleneck
D:6:      layout_basic, grunt_ministairs_14, minivault_1, uniq_pikel,
          uniq_maggie
D:7:      layout_basic, lemuel_crystal_altar, minmay_temple_entry_junction
D:8:      layout_loops_ring, grunt_temple_overflow_open, serial_rivers,
          chequers_serial_rivers_micro_e, chequers_serial_rivers_small_b,
          chequers_serial_rivers_large_b, chequers_serial_rivers_small_b,
          enter_bailey_2, hangedman_abyss_or_decor_lesser_grid
D:9:      layout_rooms, dpeg_lair_monsters, uniq_joseph, uniq_prince_ribbit1
D:10:     layout_small_grid, jmf_multi_god_temple, david_orc_5, uniq_fannar,
          uniq_josephine, uniq_snorg
D:11:     layout_cave_pods, uniq_psyche
Temple:   minmay_temple_bridge_abc
Abyss:2:  base:
D:1

Skill      XL: |  1  2  3  4  5  6  7  8  9 10 11 |
---------------+----------------------------------+-----
Shields        | 4 6 7 8 9 |  9.4
Armour         | 4 5 6 8 9 11 12 | 12.8
Fighting       | 4 5 6 7 8 10 | 10.7
Long Blades    | 3 4 5 6 7 9 10 | 10.3
Dodging        | 1 2 3 |  3.2
Stealth        | 1 |  1.4
Polearms       | 2 8 10 | 10.9
Crossbows      | 2 3 |  3.8

Action                   |  1- 3 |  4- 6 |  7- 9 | 10-12 || total
-------------------------+-------+-------+-------+-------++-------
Melee: Long sword        |    58 |    66 |   323 |       ||   447
       Headbutt          |     5 |    11 |    72 |   149 ||   237
       Spear             |       |       |    66 |   625 ||   691
       Punch             |       |       |       |     7 ||     7
 Fire: Triple crossbow   |       |       |       |    43 ||    43
  Use: Potion            |       |     1 |       |     2 ||     3
       Scroll            |       |    11 |       |    11 ||    22
Armor: Scale mail        |    32 |    43 |    86 |       ||   161
       Plate armour      |       |       |    85 |    30 ||   115
       Crystal plate arm |       |       |       |   421 ||   421
Dodge: Dodged            |    30 |    44 |   143 |    94 ||   311
Block: Buckler           |    11 |    24 |   155 |    71 ||   261
       Reflection        |       |       |     6 |    21 ||    27
       Other             |       |       |       |    97 ||    97
